[Event "TUR-ch Youth U17 2019"]
[Site "Belek"]
[Date "2019.01.24"]
[Round "7"]
[White "Gunduz, Umut Erdem"]
[Black "Turkmen, Ataberk"]
[Result "1-0"]
[ECO "B09"]
[WhiteElo "2255"]
[BlackElo "1856"]
[Annotator "NA"]
[PlyCount "93"]
[EventDate "2019.01.20"]
[EventType "swiss"]
[EventCountry "TUR"]
[SourceTitle "playchess.com"]
[Source "ChessBase"]
[SourceQuality "1"]
[TimeControl "5400+30"]

1. e4 d6 2. d4 Nf6 3. Nc3 g6 4. f4 Bg7 5. Nf3 O-O 6. e5 dxe5 7. fxe5 Nd5 8. Bc4 Nb6 9. Bb3 {[%emt 0:00:00] B09: Pirc Defence: Austrian Attack} a5 (9... Nc6 10. O-O Na5 11. h3 Nxb3 12. axb3 f6 13. Qe2 c6 14. Ne4 fxe5 15. dxe5 Nd5 16. c4 Nf4 17. Bxf4 Rxf4 {½-½ (37) Artemiev,V (2674)-Petrosian,T (2607) Moscow 2016}) 10. a4 Na6 11. Be3 Nb4 $146 ({Predecessor:} 11... c6 12. Ne4 Nc7 13. c4 Na6 14. O-O Nb4 15. Qe2 Bf5 16. Nf2 Qc7 {1-0 (30) Ismagambetov,A (2548)-Dzhumaev,M (2493) Almaty 2015}) 12. O-O N6d5 13. Qd2 Nxe3 14. Qxe3 c6 15. Ng5 Nd5 16. Qf3 e6 17. Nce4 ({Not} 17. Nxf7 $2 Qe7 $17) 17... f6 18. exf6 Bxf6 19. Nxf6+ Rxf6 20. Qg3 Rf5 21. Rxf5 exf5 22. Qh4 h5 23. Re1 Kg7 24. Bxd5 cxd5 {[%emt 0:00:40] [#]} 25. Qf4 (25. Re6 $142 $1 ) 25... Ra6 26. Qe5+ Rf6 27. Re3 Qd6 28. Qe8 (28. Qe7+ $18 Qxe7 29. Rxe7+ Kf8 30. Rh7) 28... Rf8 {[%emt 0:01:33] [#]} 29. Re7+ $2 (29. Qb5 $1 $16 {is necessary to keep the advantage.}) 29... Kg8 $1 30. h4 {[%emt 0:04:00] [#]} Rxe8 (30... f4 $1 $19 31. Re5 Rxe8 32. Rxe8+ Kg7 33. Rxc8 Qb6) 31. Rxe8+ Kg7 32. Rxc8 Qg3 33. Nf3 {[%emt 0:00:30] [#]} (33. Rc7+ $17 {was the only defense.} Kf8 34. Rc8+ Ke7 35. Nf3) 33... Qf4 $2 ({Black should try} 33... g5 $1 $19 34. hxg5 (34. Nxg5 Qe1+) 34... h4) 34. b3 {[%emt 0:00:30] [#]} b6 ({Black should try} 34... g5 $1 $17 35. hxg5 (35. Nxg5 Qxd4+) 35... h4) 35. Kf2 Qe4 36. Rc7+ Kf8 37. Rc6 f4 38. Kg1 Kg7 39. Kh2 Kf8 40. Rc8+ Kg7 41. c4 {[%emt 0:00:30] [#]} dxc4 (41... Qc2 $1 $17 42. Rc7+ Kf8 43. Rc8+ Ke7) 42. bxc4 Qc2 43. Rc7+ Kf8 44. d5 $1 Qxa4 45. d6 Qb4 46. Rc8+ Kg7 47. d7 1-0

[Event "TUR-ch Youth U17 2019"]
[Site "Belek"]
[Date "2019.01.24"]
[Round "7"]
[White "Aytekin, Murat Eren"]
[Black "Acar, Utku Cengiz"]
[Result "1/2-1/2"]
[ECO "A65"]
[WhiteElo "2163"]
[BlackElo "2078"]
[Annotator "NA"]
[PlyCount "72"]
[EventDate "2019.01.20"]
[EventType "swiss"]
[EventCountry "TUR"]
[SourceTitle "playchess.com"]
[Source "ChessBase"]
[SourceQuality "1"]
[TimeControl "5400+30"]

1. d4 Nf6 2. c4 g6 3. Nc3 Bg7 4. e4 d6 5. f3 O-O 6. Be3 c5 7. d5 e6 8. Qd2 exd5 9. cxd5 a6 10. a4 Nbd7 11. Nh3 Ne5 {[%emt 0:10:30] A65: Modern Benoni: 6 e4} (11... Qa5 12. Ra3 Ne8 13. Be2 Ne5 14. Nf2 f5 15. O-O Nf6 16. exf5 Bxf5 17. h3 Rae8 18. Bh6 Bxh6 19. Qxh6 {0-1 (46) Bocharov,D (2576)-Shimanov,A (2623) Astana 2017}) 12. Nf2 h5 13. Be2 Nh7 14. O-O f5 15. exf5 Bxf5 16. Nfe4 Qe7 $146 ({Predecessor:} 16... Nf7 17. Kh1 Qe7 18. Rae1 {½-½ (67) Rolvag,M (2162)-Mikkelsen,N (2418) Helsingor 2013}) 17. Rae1 Rae8 18. Ng3 Qh4 19. Nce4 Bxe4 20. Nxe4 Ng4 21. fxg4 Rxe4 22. Rxf8+ Nxf8 23. Bf2 Qf6 24. gxh5 gxh5 25. Bxh5 Rxa4 26. b3 Ra1 27. h4 b5 28. Bg4 a5 29. Rxa1 Qxa1+ 30. Kh2 a4 31. bxa4 bxa4 $11 32. Bg3 a3 33. Be6+ Kh8 34. Qe2 Qb1 35. Qh5+ Qh7 36. Qe2 Qb1 1/2-1/2

[Event "TUR-ch Youth U17 2019"]
[Site "Belek"]
[Date "2019.01.24"]
[Round "7"]
[White "Kocyigit, Buse Naz"]
[Black "Akti, Ezgi"]
[Result "1-0"]
[ECO "C95"]
[WhiteElo "2043"]
[BlackElo "1713"]
[Annotator "NA"]
[PlyCount "129"]
[EventDate "2019.01.20"]
[EventType "swiss"]
[EventCountry "TUR"]
[SourceTitle "playchess.com"]
[Source "ChessBase"]
[SourceQuality "1"]
[TimeControl "5400+30"]

1. e4 e5 2. Nf3 Nc6 3. Bb5 a6 4. Ba4 Nf6 5. O-O d6 6. Re1 b5 7. Bb3 Be7 8. c3 O-O 9. h3 Nb8 10. d4 Nbd7 11. Nbd2 Bb7 12. Bc2 Re8 13. a4 {[%emt 0:00:00] LiveBook: 578 Games} c5 14. d5 Bf8 {[%emt 0:00:00] C95: Closed Ruy Lopez: Breyer Variation with 10 d4} (14... c4 15. b3 cxb3 16. Nxb3 Qc7 17. Be3 Nb6 18. Nbd2 Nfd7 19. axb5 {½-½ (19) Areshchenko,A (2678)-Efimenko,Z (2651) Rivne 2016}) 15. b3 g6 16. Bd3 b4 17. c4 $146 ({Predecessor:} 17. cxb4 cxb4 18. a5 Nc5 19. Bc2 Bc8 20. Nc4 Rb8 21. Bd2 Qc7 {½-½ (29) Georgiev,K (2440)-Kolev,A Pernik 1983}) 17... Nh5 18. g3 Bc8 $11 19. Nf1 Bg7 20. Ra2 Nf8 21. Kg2 Qd7 22. Ng1 Ra7 23. Nh2 Qd8 24. f4 exf4 25. g4 Nf6 26. Bxf4 Rae7 27. Rae2 Qc7 28. Ngf3 N6d7 29. Bg5 f6 30. Bh4 g5 31. Bg3 Ng6 32. e5 Ndxe5 33. Bxe5 Nxe5 34. Nxe5 Rxe5 35. Rxe5 Rxe5 36. Rxe5 fxe5 37. Qf3 Qe7 38. Qe4 Bf6 39. Nf1 Bd7 40. Ng3 Be8 41. Qf5 Bd7 42. Qf3 Be8 43. Ne4 Kg7 44. Ng3 Bg6 45. Bf5 a5 46. Ne4 Qd8 47. Ng3 Qe7 48. Qe4 Qe8 49. Qf3 Qd8 50. Ne4 Qe7 51. Ng3 Qd8 52. Be4 Qd7 53. Nf5+ Bxf5 54. Bxf5 Qe7 55. Qe4 h6 56. Bg6 Kf8 57. Bh5 Bh8 58. Qg6 e4 59. Qf5+ Bf6 60. Kf2 e3+ 61. Ke2 Kg7 62. Qg6+ Kf8 63. Qxh6+ Bg7 64. Qg6 Qe5 65. Qf7# 1-0

[Event "TUR-ch Youth U17 2019"]
[Site "Belek"]
[Date "2019.01.24"]
[Round "7"]
[White "Kirilmaz, Emre"]
[Black "Yungucu, Arda"]
[Result "1-0"]
[ECO "A45"]
[WhiteElo "2035"]
[BlackElo "1943"]
[Annotator "NA"]
[PlyCount "56"]
[EventDate "2019.01.20"]
[EventType "swiss"]
[EventCountry "TUR"]
[SourceTitle "playchess.com"]
[Source "ChessBase"]
[SourceQuality "1"]
[TimeControl "5400+30"]

1. d4 Nf6 2. c3 g6 3. Bg5 Bg7 4. Nd2 O-O 5. e4 c5 6. dxc5 Qc7 7. Be3 Na6 8. b4 b6 9. Qa4 bxc5 10. Bxa6 Bxa6 11. Qxa6 cxb4 12. cxb4 Nxe4 13. Rd1 Nc3 14. Rc1 Qb8 15. a3 d5 16. Ngf3 Nb5 17. Rc5 Nc7 18. Qa5 Ne6 $18 19. Rxd5 Nf4 20. Bxf4 Qxf4 21. O-O e6 22. Rd7 e5 23. Qd5 a5 24. b5 Rab8 25. Rb1 Qa4 26. Nxe5 Bxe5 27. Qxe5 Rbe8 28. Qd4 Qxb5 1-0

[Event "TUR-ch Youth U17 2019"]
[Site "Belek"]
[Date "2019.01.24"]
[Round "7"]
[White "Guncan, Berke"]
[Black "Ozkurt, Kutay"]
[Result "0-1"]
[ECO "A04"]
[WhiteElo "2016"]
[BlackElo "1586"]
[Annotator "NA"]
[PlyCount "236"]
[EventDate "2019.01.20"]
[EventType "swiss"]
[EventCountry "TUR"]
[SourceTitle "playchess.com"]
[Source "ChessBase"]
[SourceQuality "1"]
[TimeControl "5400+30"]

1. Nf3 c5 2. g3 Nc6 3. Bg2 g6 4. O-O Bg7 5. d3 d6 6. e4 e5 7. c3 Nge7 8. Be3 O-O 9. Na3 Bg4 10. h3 Bxf3 11. Bxf3 Kh8 $146 {A04: Unusual lines after 1 Nf3 and King's Indian Attack} ({Predecessor:} 11... Qd7 12. Bg2 b6 13. Nc2 d5 14. exd5 Nxd5 15. Qf3 Rad8 16. Rad1 {½-½ (16) Schwarz,M (2390)-Danner,G (2440) Budapest 1994}) 12. Bg2 f5 13. f4 Rb8 14. Nc2 Qd7 15. Kh2 Rbe8 16. Qd2 b6 17. d4 cxd4 18. cxd4 exd4 19. Nxd4 fxe4 20. Bxe4 d5 21. Bf3 Nxd4 22. Bxd4 Nf5 23. Bf2 d4 24. Rac1 Qb5 25. Rfe1 Rc8 26. Rcd1 Ne3 27. Bxe3 dxe3 28. Rxe3 Qxb2 29. Qxb2 Bxb2 30. Re7 Rc2+ 31. Kh1 Rc1 32. Rxa7 Rxd1+ 33. Bxd1 Rd8 34. Bb3 Bd4 35. Kg2 Bc5 36. g4 Rd2+ 37. Kg3 Rd3+ 38. Kg2 Rd2+ 39. Kf3 Rd3+ 40. Ke4 Rxh3 41. Ra8+ Kg7 42. Rg8+ Kf6 43. g5+ Ke7 44. Kd5 Rd3+ 45. Kc6 Rd6+ 46. Kc7 Rd7+ 47. Kc6 Rd6+ 48. Kb5 Rd7 49. a4 Kd6 50. Rf8 Kc7 51. Rf6 Rd4 52. Bc4 Rd1 53. Rf7+ Rd7 54. Rf6 Rd1 55. Rf7+ Rd7 56. Rf6 Rd1 57. Ka6 Rd8 58. Rf7+ Rd7 59. Rf6 Rd8 60. Bb3 Rd4 61. f5 gxf5 62. Rxf5 Rb4 63. Rf7+ Kd6 64. Rf3 Rg4 65. Rf6+ Kc7 66. Rf7+ Kc6 67. Rf5 Rb4 68. Bd1 Rd4 69. Bf3+ Kc7 70. Rf7+ Rd7 71. Rf6 Rd4 72. Rf7+ Rd7 73. Rf6 Rd4 74. a5 Ra4 75. Rf7+ Kd6 76. Rxh7 Rxa5+ 77. Kb7 b5 78. Rh2 Ra7+ 79. Kb8 Rg7 80. Rg2 Bd4 81. g6 b4 82. Bd1 Kc6 83. Bb3 Bc3 84. Kc8 Bf6 85. Bf7 Kb5 86. Kd7 b3 87. Ke6 Bc3 88. Kf5 b2 89. Rg1 Kb4 90. Rg4+ Ka3 91. Rg1 Kb4 92. Ke4 Bf6 93. Kd3 Kc5 94. Kc2 Kd6 95. Rd1+ Ke7 96. Re1+ Kd7 97. Re4 Kc7 98. Kb1 Kd7 99. Re1 Kc7 100. Re6 Bd4 101. Re7+ Kd6 102. Re1 Kc7 103. Kc2 Bf6 104. Rf1 Be5 105. Kd3 Kd6 106. Ke4 Bc3 107. Kf5 Ke7 108. Kg4 Bf6 109. Re1+ Kd7 110. Kh5 Bc3 111. Rf1 Be5 112. Kh6 Ke7 113. Re1 $11 Kf6 114. Rf1+ Ke7 115. Ba2 Kd6 116. Rd1+ Ke7 117. Rf1 Bf6 118. Rf5 Bd4 0-1

[Event "TUR-ch Youth U17 2019"]
[Site "Belek"]
[Date "2019.01.24"]
[Round "7"]
[White "Sahin, Hayrun Nisa"]
[Black "Catal, Uktenur"]
[Result "1/2-1/2"]
[ECO "C10"]
[WhiteElo "1743"]
[BlackElo "1854"]
[Annotator "NA"]
[PlyCount "66"]
[EventDate "2019.01.20"]
[EventType "swiss"]
[EventCountry "TUR"]
[SourceTitle "playchess.com"]
[Source "ChessBase"]
[SourceQuality "1"]
[TimeControl "5400+30"]

1. e4 e6 2. d4 d5 3. Nd2 dxe4 4. Nxe4 Nd7 5. Nf3 Ngf6 6. Nxf6+ Nxf6 7. Bd3 c5 8. dxc5 Bxc5 9. Bb5+ Bd7 10. Bxd7+ Qxd7 11. Qxd7+ Nxd7 12. Be3 Bxe3 13. fxe3 Ke7 14. O-O-O Rhd8 15. Rd4 Nb6 $11 16. Rhd1 f6 17. Rh4 Rxd1+ 18. Kxd1 Rd8+ 19. Ke2 h6 20. Nd4 Kf7 21. Nb5 a6 22. Nc3 Nd5 23. Nxd5 Rxd5 24. Rb4 b5 25. a4 Ke7 26. c4 bxc4 27. Rxc4 Kd6 28. b4 Rg5 29. Kf3 Rf5+ 30. Ke2 Rg5 31. Kf3 Rf5+ 32. Ke2 Rg5 33. Kf3 Ke5 1/2-1/2

[Event "TUR-ch Youth U17 2019"]
[Site "Belek"]
[Date "2019.01.24"]
[Round "7"]
[White "Kargaci, Humeyra"]
[Black "Baspinar, Lara"]
[Result "1-0"]
[ECO "A11"]
[WhiteElo "1740"]
[BlackElo "1763"]
[Annotator "NA"]
[PlyCount "117"]
[EventDate "2019.01.20"]
[EventType "swiss"]
[EventCountry "TUR"]
[SourceTitle "playchess.com"]
[Source "ChessBase"]
[SourceQuality "1"]
[TimeControl "5400+30"]

1. c4 c6 2. Nf3 d5 3. Qc2 Nf6 4. g3 g6 5. d3 Bg7 6. Bg2 O-O 7. O-O Nbd7 8. e4 dxe4 9. dxe4 e5 10. b3 Re8 11. Bb2 Qc7 12. Nbd2 a5 13. a3 Bf8 14. Bc3 a4 15. b4 c5 16. b5 Nb6 17. Ne1 Be6 18. Bb2 Rad8 19. Nef3 Bc8 20. Rad1 Bd6 21. Bc3 Be6 22. Bb2 h6 23. Rfe1 Nfd7 24. Bf1 Nf8 25. Qc3 f6 26. h3 Qf7 27. Rc1 Nh7 28. Kh2 Kg7 29. Qe3 Ng5 30. h4 Nxf3+ 31. Qxf3 Bc7 32. Bd3 h5 33. Qe2 Qd7 34. Rc3 Nc8 35. Nf1 Ba5 36. Bc2 Bxc3 37. Bxc3 Qf7 38. Ne3 Nd6 39. Nd5 Bxd5 40. cxd5 b6 41. Bd3 Rc8 42. Rb1 Re7 43. Bc2 Ra7 44. f4 Re8 45. Rf1 Qe7 46. g4 hxg4 47. Qxg4 Rg8 48. Qg3 Ne8 49. fxe5 fxe5 50. Bxe5+ Kh7 51. Bc3 Ng7 52. e5 Nf5 53. Rxf5 gxf5 54. Bxf5+ Kh8 55. e6+ Rg7 56. Qxg7+ Qxg7 57. Bxg7+ Kxg7 58. d6 Kf6 59. e7 1-0

[Event "TUR-ch Youth U17 2019"]
[Site "Belek"]
[Date "2019.01.24"]
[Round "7"]
[White "Esti, Kubra Selenay"]
[Black "Sen, Irem"]
[Result "1/2-1/2"]
[ECO "B15"]
[WhiteElo "1662"]
[BlackElo "1765"]
[Annotator "NA"]
[PlyCount "105"]
[EventDate "2019.01.20"]
[EventType "swiss"]
[EventCountry "TUR"]
[SourceTitle "playchess.com"]
[Source "ChessBase"]
[SourceQuality "1"]
[TimeControl "5400+30"]

1. e4 g6 2. d4 Bg7 3. Nc3 c6 4. Be3 d5 5. Qd2 dxe4 6. Nxe4 Nd7 7. Ne2 Ngf6 8. N2c3 O-O 9. Be2 Nd5 10. Bh6 N7f6 11. O-O-O Bf5 12. f3 Qa5 13. Bxg7 Kxg7 14. Kb1 Bxe4 15. Nxe4 Qxd2 16. Rxd2 b5 17. Nc5 Ne3 18. Bd3 h5 19. Re1 Ned5 20. Be4 e6 21. Bxd5 cxd5 22. Rde2 Rfc8 23. Re3 Ne8 24. a3 Nd6 25. c3 Nc4 26. R3e2 a5 27. Nd3 Ra7 28. Ka2 Rb8 29. b3 Nd6 30. Ne5 Rc7 31. Kb2 Rbc8 32. Rc1 a4 33. b4 h4 34. Nd3 Nc4+ 35. Ka2 Nd6 36. Nc5 Nf5 37. Rce1 Rc6 38. Kb2 Rh8 39. Rg1 Rcc8 40. Kc2 Rh5 41. Kb2 Rch8 42. Na6 Nd6 43. Nc5 Rf5 44. Rf1 Nc4+ 45. Ka2 g5 46. Nd3 Nb6 47. Kb2 Nc8 48. Ka2 Ne7 49. Ref2 Ng6 50. Re1 Rf6 51. Kb2 Rc8 52. Ree2 Kh6 53. Re1 1/2-1/2

[Event "TUR-ch Youth U17 2019"]
[Site "Belek"]
[Date "2019.01.25"]
[Round "9"]
[White "Acar, Utku Cengiz"]
[Black "Kirilmaz, Emre"]
[Result "0-1"]
[ECO "B03"]
[WhiteElo "2078"]
[BlackElo "2035"]
[Annotator "NA"]
[PlyCount "168"]
[EventDate "2019.01.20"]
[EventType "swiss"]
[EventCountry "TUR"]
[SourceTitle "playchess.com"]
[Source "ChessBase"]
[SourceQuality "1"]
[TimeControl "5400+30"]

1. e4 Nf6 2. e5 Nd5 3. c4 Nb6 4. d4 d6 5. exd6 cxd6 6. Nc3 g6 7. a4 Bg7 8. a5 N6d7 9. Ra3 {[%emt 0:01:30] B03: Alekhine's Defence: Four Pawns Attack} O-O 10. Nf3 {[%emt 0:01:30] LiveBook: 14 Games} Nf6 11. d5 e6 12. Be2 exd5 13. cxd5 Re8 $146 ({Predecessor:} 13... Na6 14. O-O Bg4 15. Be3 Nc5 16. h3 Bxf3 17. Bxf3 {1-0 (60) Dranov,A (2340)-Velicka,P (2420) Ceske Budejovice 1993}) 14. O-O Nbd7 15. h3 Nc5 16. Be3 Nfe4 17. Nxe4 Nxe4 18. Nd4 Bd7 19. a6 b6 20. Re1 f5 (20... Qf6 $11) 21. Bc4 Qf6 22. Ne6 Bxe6 23. dxe6 Qxb2 24. Rb3 Qe5 (24... Qf6 $1 $11 {remains equal.}) 25. f4 ({White should play} 25. Bd5 $16 Rac8 26. e7+ Kh8 27. Bg5) 25... Qf6 26. Rd3 Qh4 $2 (26... Rac8 $15 {stays ahead.} 27. Bd5 Nc3) 27. Bd5 Rac8 (27... Nc3 $16 28. Bf2 Qe7) 28. Bxe4 $1 fxe4 29. Rxd6 Bf8 30. Rd7 Re7 31. Rxe7 Bxe7 32. Bf2 Qxf4 33. Qd7 Qc7 34. Rxe4 Bd6 {[%emt 0:03:51] [#]} 35. Qxc7 $2 (35. Bh4 $1 $18 h6 36. Re1) 35... Rxc7 36. Bh4 Kf8 37. Kf2 b5 38. Kf3 Ke8 39. Rd4 Be7 40. Bf2 Rc6 41. Rd7 (41. Rd5 $5 ) 41... Rxa6 42. Bxa7 Rxe6 43. Rb7 b4 44. Bd4 {[%emt 0:00:00] [#]} (44. Be3 $11) 44... Kd8 $1 45. g4 Kc8 46. Ra7 Kb8 47. Rd7 Bf6 48. Bxf6 Rxf6+ 49. Ke4 b3 50. Rd2 Rb6 51. Rb2 Kc7 52. Kd5 Kd7 53. h4 Ke7 54. Re2+ Kf6 55. Rf2+ Kg7 56. Rb2 {[%emt 0:00:00] [#]} h6 (56... g5 $142 $1 57. Kc5 (57. hxg5 Kg6) 57... Rb8) 57. Kc5 Rb8 58. Kd6 Rb4 59. g5 h5 $2 (59... Kh7 $19 60. Ke5 Rxh4 61. Rxb3 hxg5) 60. Ke6 $2 {[%emt 0:00:47] [#]} (60. Kd7 $1 $11 {and White stays safe.}) 60... Re4+ $2 ({Less strong is} 60... Rxh4 61. Rxb3 Re4+ 62. Kd6 $17) (60... Rb5 $1 $19 61. Ke7 Rb7+ 62. Kd6 Kf7) 61. Kd6 (61. Kd5 $11 {remains equal.} Rb4 62. Kd6) 61... Re3 62. Rf2 Re4 63. Rb2 Rxh4 64. Rxb3 Rf4 65. Rb7+ Rf7 66. Rb8 h4 67. Rb4 h3 68. Rh4 $2 (68. Rb2 $11) 68... Rf5 69. Rxh3 Rxg5 70. Ke6 Ra5 71. Rf3 g5 72. Rf5 Ra6+ 73. Ke5 Kg6 74. Rf8 Ra1 75. Rg8+ Kh5 76. Ke4 Rf1 77. Ke3 Kh4 78. Ke2 Rf7 79. Rh8+ Kg3 80. Rg8 g4 81. Rg6 Kh3 82. Rh6+ Kg2 83. Rg6 Re7+ 84. Kd2 g3 0-1

[Event "TUR-ch Youth U17 2019"]
[Site "Belek"]
[Date "2019.01.25"]
[Round "9"]
[White "Catal, Uktenur"]
[Black "Sen, Irem"]
[Result "0-1"]
[ECO "D01"]
[WhiteElo "1854"]
[BlackElo "1765"]
[Annotator "NA RC"]
[PlyCount "118"]
[EventDate "2019.01.20"]
[EventType "swiss"]
[EventCountry "TUR"]
[SourceTitle "playchess.com"]
[Source "ChessBase"]
[SourceQuality "1"]
[TimeControl "5400+30"]

1. d4 d5 2. Nc3 Nf6 3. Bg5 Nbd7 4. Nf3 c6 5. Qd3 g6 6. O-O-O {[%emt 0:00:00] D01: Veresov Opening} Bg7 7. e4 dxe4 8. Nxe4 {[%emt 0:00:00] LiveBook: 13 Games} Nxe4 9. Qxe4 Bf6 $146 ({You set blue moves yourself with the critical opening position annotation.:} 9... Nf6 10. Qe1 Bg4 11. Bc4 Bxf3 12. gxf3 O-O 13. h4 Qd7 {½-½ (31) Mihok,O (2507)-Cigan,S (2357) Austria 2016}) 10. Bh6 Nb6 11. g4 Rg8 12. c4 Be6 13. Ne5 Bg7 14. Bxg7 Rxg7 15. Bd3 Qc7 16. Kb1 O-O-O 17. b3 h5 18. gxh5 gxh5 19. Rhg1 Rdg8 (19... Rxg1 $11 {remains equal.} 20. Rxg1 Nd7) 20. Rg3 Qd8 (20... Rxg3 $14 21. hxg3 (21. fxg3 Nd7 $14) 21... Nd7) 21. Bc2 Rg5 (21... Qc7 $16 {was worth a try.}) 22. Qe3 Rxg3 23. fxg3 Rg7 24. d5 cxd5 25. Qc3 ({And not} 25. cxd5 Nxd5 26. Qe1 Qd6 $15) (25. Nxf7 $16 Bxf7 26. Qe5) 25... d4 ({Better is} 25... Qc7 $14) 26. Qxd4 Qxd4 27. Rxd4 Rg5 28. Nf3 Rc5 29. Rf4 f6 30. Nd4 Bg4 (30... Bf7 $11) 31. Bf5+ Bxf5+ 32. Rxf5 Nd7 33. Rxc5+ Nxc5 {[%emt 0:00:02] [#]} 34. Nf5 $1 Kd7 35. Ng7 h4 (35... Nd3 $16) 36. gxh4 e5 37. Kc2 Ke7 38. Nf5+ (38. h5 $18 {is more deadly.}) 38... Kf7 $2 (38... Ke6 $16 39. Ne3 f5) 39. b4 Na6 40. Nd6+ Kg6 41. Nxb7 $2 (41. a3 $18 {is more deadly.}) 41... Nxb4+ {[%emt 0:00:03] NOTEXT-4834} 42. Kc3 Nxa2+ 43. Kb3 Nc1+ 44. Kc2 Ne2 45. Kd3 Nd4 46. Ke4 Kh5 47. Na5 Kxh4 48. c5 Kg4 49. c6 Nb5 50. Kd5 Kf4 51. Kc5 a6 52. Kb6 ({Better is} 52. Nc4 $11) 52... e4 53. Kxa6 Nc7+ 54. Kb6 Nd5+ 55. Kc5 Nc7 56. Kb6 e3 57. Nb7 Nd5+ 58. Kb5 e2 59. Nc5 Ke3 0-1

[Event "TUR-ch Youth U17 2019"]
[Site "Belek"]
[Date "2019.01.25"]
[Round "9"]
[White "Sahin, Hayrun Nisa"]
[Black "Kocyigit, Buse Naz"]
[Result "1/2-1/2"]
[ECO "B90"]
[WhiteElo "1743"]
[BlackElo "2043"]
[Annotator "NA"]
[PlyCount "141"]
[EventDate "2019.01.20"]
[EventType "swiss"]
[EventCountry "TUR"]
[SourceTitle "playchess.com"]
[Source "ChessBase"]
[SourceQuality "1"]
[TimeControl "5400+30"]

1. e4 c5 2. Nf3 d6 3. d4 cxd4 4. Nxd4 Nf6 5. Nc3 a6 6. Be3 e5 7. Nf3 Be7 8. Bc4 O-O 9. O-O Nc6 10. Qe2 b5 {[%emt 0:00:00] B90: Sicilian Najdorf: Unusual White 6th moves, 6 Be3 Ng4 and 6 Be3 e5} (10... Na5 11. Bd5 Be6 12. Rfd1 Qc7 13. Bxe6 fxe6 14. Ng5 Qc4 15. Qxc4 Nxc4 16. Nxe6 Rfc8 17. Bc1 h6 18. Nd5 Nxd5 19. exd5 Nb6 20. Be3 Nc4 21. Bc1 Nb6 22. Be3 {½-½ (22) Timman,J (2562)-Giri,A (2752) Amstelveen 2017}) 11. Bb3 {[%emt 0:11:30] LiveBook: 15 Games} Na5 12. Nd5 $146 ({Predecessor:} 12. Bg5 Nd7 13. Bxe7 Qxe7 14. Bd5 Rb8 15. a3 Nb6 16. Rfd1 Bg4 17. h3 Bh5 18. Rd3 {½-½ (75) Andriasian,Z (2621)-Zakhartsov,V (2453) Tallinn 2016}) 12... Nxb3 13. Bb6 Qd7 14. Nxf6+ Bxf6 15. axb3 Qc6 16. Ba5 Bb7 17. Nd2 d5 ({Wrong is} 17... Qxc2 $2 18. Rfc1 $18) 18. Rfe1 Rac8 ({Don't go for} 18... Qxc2 $2 19. Rec1 $18) 19. c3 Be7 20. Rad1 f6 21. Qd3 dxe4 22. Qxe4 Qd7 23. Qe2 Rce8 24. f3 Qc6 25. Kh1 {[%emt 0:00:30] [#]} f5 $1 26. c4 b4 27. Nf1 (27. c5 $15) 27... Bd6 28. Qd2 {[%emt 0:00:49] NOTEXT-4834} Be7 29. Qd5+ (29. Rxe5 $16 Bg5 30. Qe2 (30. Qxg5 Rxe5 31. Bxb4 h6 $14)) 29... Qxd5 30. cxd5 Bd6 31. Ne3 e4 32. Nc4 exf3 33. Nxd6 fxg2+ 34. Kxg2 Bxd5+ 35. Kf2 Rxe1 36. Rxe1 g5 37. Re5 Bxb3 38. Bxb4 Rb8 39. Bc3 Bc2 40. Re7 Rd8 (40... f4 {was called for.} 41. Rg7+ Kf8 42. Rxg5 Bg6) 41. Rg7+ Kf8 42. Rxh7 $2 (42. Ra7 $18) 42... Rxd6 43. Bb4 Kg8 44. Rc7 Rb6 45. Bc3 Rg6 46. Rc8+ Kf7 47. Bb4 Be4 48. Rh8 Ke6 49. Bd2 Kd5 50. Rh5 g4 51. Rh8 Kc4 52. Rb8 Kd3 53. Bf4 Rc6 54. Ke1 ({Better is} 54. Kg3 $15) 54... Kc2 55. Ke2 Bf3+ 56. Ke3 {[%emt 0:00:10] [#]} (56. Kf2 $15) 56... Re6+ (56... Rc4 $142 $1 57. Re8 Bd5) 57. Kf2 Re2+ 58. Kf1 ({Better is} 58. Kg3 $15) 58... Re4 59. Bg5 Re5 ({Black should play} 59... a5 $19 60. Bf6 f4 61. Rc8+ Kb1) 60. Rc8+ Kb3 61. Rc3+ Ka4 ({Much worse is} 61... Kxb2 $6 {[#]} 62. Rxf3 $1 Rd5 63. Bf6+ Ka2 64. Rf2+ Kb3 65. Rb2+ Kc4 66. Rc2+ Kb3 67. Rb2+ Kc4 68. Ra2 $14) 62. Re3 (62. h4 $11) 62... Rxe3 63. Bxe3 Kb3 64. Bd4 a5 65. Kf2 Bd5 66. Kg3 Kc4 67. Be5 a4 68. h3 gxh3 (68... Kd3 ) 69. Kxh3 Kd3 $11 70. Kg3 Ke4 71. Bf4 1/2-1/2

[Event "TUR-ch Youth U17 2019"]
[Site "Belek"]
[Date "2019.01.25"]
[Round "9"]
[White "Akti, Ezgi"]
[Black "Barutcu, Sevil"]
[Result "1-0"]
[ECO "B27"]
[WhiteElo "1713"]
[BlackElo "1340"]
[Annotator "NA RC"]
[PlyCount "113"]
[EventDate "2019.01.20"]
[EventType "swiss"]
[EventCountry "TUR"]
[SourceTitle "playchess.com"]
[Source "ChessBase"]
[SourceQuality "1"]
[TimeControl "5400+30"]

1. e4 c5 2. Nf3 g6 3. c3 Bg7 4. d4 cxd4 5. cxd4 d5 6. e5 Nc6 7. Nc3 Nh6 8. Be2 Bf5 9. Qb3 Rb8 10. Qxd5 Qxd5 11. Nxd5 Rd8 12. Bc4 Be4 13. Nc7+ Kd7 14. Nb5 a6 15. d5 Bxf3 16. dxc6+ Bxc6 17. Nc3 e6 18. f3 Nf5 19. Bf4 h6 20. O-O-O+ Kc8 21. Rhe1 Nh4 22. Bf1 Nf5 23. Ne4 Rxd1+ 24. Kxd1 Bxe4 25. Rxe4 g5 26. Bd2 Rd8 27. Kc1 Rd5 28. Bc3 Ne7 29. g3 Ng6 30. f4 gxf4 31. gxf4 Ne7 32. Bc4 Rd7 33. Re2 Nd5 34. Bxd5 Rxd5 35. Rg2 Bf8 36. Rg8 Rd8 37. Ba5 Re8 38. Bb4 Bxb4 39. Rxe8+ Kd7 40. Rh8 Bc5 41. Kd2 Be7 42. Rxh6 Bf8 43. Rh3 Bb4+ 44. Kd3 Bc5 45. Rf3 Ke7 46. h4 Kf8 47. Rg3 Ke8 48. h5 Bf8 49. Ke4 Ke7 50. Rb3 b5 51. Ra3 Ke8 52. Rxa6 b4 53. a3 bxa3 54. bxa3 Bh6 55. a4 Kd8 56. Rc6 Kd7 57. Rc2 1-0

[Event "TUR-ch Youth U17 2019"]
[Site "Belek"]
[Date "2019.01.25"]
[Round "9"]
[White "Taskin, Arda"]
[Black "Gunduz, Umut Erdem"]
[Result "1/2-1/2"]
[ECO "D03"]
[WhiteElo "1693"]
[BlackElo "2255"]
[Annotator "ChessBase"]
[PlyCount "82"]
[EventDate "2019.01.20"]
[EventType "swiss"]
[EventCountry "TUR"]
[SourceTitle "playchess.com"]
[Source "ChessBase"]
[SourceQuality "1"]
[TimeControl "5400+30"]

1. d4 Nf6 2. Bg5 Ne4 3. Bf4 d5 4. Nd2 Bf5 5. Ngf3 e6 6. e3 g5 7. Nxe4 gxf4 8. Nc3 fxe3 9. fxe3 Bh6 10. Qe2 Nc6 11. a3 Qe7 12. O-O-O O-O-O 13. Kb1 Bg6 14. g4 Bg7 15. Bg2 h5 16. g5 h4 17. Bh3 Kb8 18. Qf2 e5 19. Rhg1 Be4 20. Ne2 exd4 21. Nfxd4 Ne5 22. Nc3 Nc4 23. Nxe4 Qxe4 24. Qxf7 Be5 25. Ne6 Nxe3 26. Rc1 Nc4 27. Rge1 Ne3 28. Bf5 Qxf5 29. Qxf5 Nxf5 30. Rxe5 Rde8 31. Rxf5 Rxe6 32. Rxd5 Re2 33. Rg1 c6 34. Rd7 Rxh2 35. g6 Rg8 36. g7 Re2 37. Rf7 Ree8 38. Rh1 a5 39. Rxh4 Ka7 40. Rhf4 Re1+ 41. Ka2 Rg1 1/2-1/2

[Event "TUR-ch Youth U17 2019"]
[Site "Belek"]
[Date "2019.01.25"]
[Round "9"]
[White "Esti, Kubra Selenay"]
[Black "Kargaci, Humeyra"]
[Result "1-0"]
[ECO "A45"]
[WhiteElo "1662"]
[BlackElo "1740"]
[Annotator "NA RC"]
[PlyCount "91"]
[EventDate "2019.01.20"]
[EventType "swiss"]
[EventCountry "TUR"]
[SourceTitle "playchess.com"]
[Source "ChessBase"]
[SourceQuality "1"]
[TimeControl "5400+30"]

1. d4 Nf6 2. Bf4 g6 3. Nc3 d5 4. Qd2 Bf5 5. Nf3 c6 6. Ne5 Nbd7 7. f3 h5 8. O-O-O Bg7 9. Qe1 Nb6 10. e4 Be6 11. Kb1 Bh6 12. Bxh6 Rxh6 13. Qh4 Rh8 14. exd5 Nbxd5 15. Qe1 Qc7 16. Na4 Bf5 17. Nc5 Kf8 18. Bd3 Bxd3 19. Rxd3 Kg7 20. Qg3 h4 21. Qg5 Rh5 22. Ne6+ Kg8 23. Qxh5 Nxh5 24. Nxc7 Nxc7 25. Rb3 Rb8 26. Nxc6 Re8 27. Rxb7 Nd5 28. Rxa7 e6 29. Re1 Ndf4 30. g4 hxg3 31. hxg3 Nxg3 32. Ne5 f6 33. Nxg6 Nfe2 34. Nh4 Nxd4 35. c3 Nde2 36. a4 Rd8 37. Kc2 Rd5 38. Ng6 Rd8 39. Ne7+ Kf8 40. Nc6 Rd6 41. Rd1 Rxd1 42. Kxd1 Ng1 43. Nd4 e5 44. Ne6+ Ke8 45. Rg7 N1e2 46. a5 1-0